 Dungeon Crawl Stone Soup version 0.14-b1-28-g65d0bb0 (webtiles) character file.

128 MrDeVil909 the Skirmisher (level 4, -3/49 HPs)
             Began as an Ogre Berserker on Apr 6, 2014.
             Was a Follower of Trog.
             Shot with an arrow by a centaur (13 damage)
             ... on Level 5 of the Dungeon.
             The game lasted 00:24:05 (3242 turns).

MrDeVil909 the Skirmisher (Ogre Berserker)          Turns: 3242, Time: 00:24:05

HP  -3/49        AC  6     Str 23      XL: 4   Next: 93%
MP   4/4         EV 11     Int  6      God: Trog [*.....]
Gold 16          SH  0     Dex  9      Spells:  0 memorised,  3 levels left

rFire  . . .     SeeInvis .     d - +0 flail
rCold  . . .     Clarity  .     b - +0 animal skin
rNeg   . . .     Conserve .     (shield restricted)
rPois  .         rCorr    .     (helmet restricted)
rElec  .         rRot     .     e - +2 cloak
SustAb . .       Spirit   .     (gloves unavailable)
rMut   .         Warding  .     (boots unavailable)
Saprov + . .     Stasis   .     (no amulet)
MR     .....                    (no ring)
                                (no ring)

@: exhausted, slowed, very slow, not resistant to hostile enchantments, very
unstealthy
A: unfitting armour, fast metabolism 1, saprovore 1, tough skin 1
a: Burn Spellbooks, Berserk, Renounce Religion


You were on level 5 of the Dungeon.
You worshipped Trog.
Trog was aware of your devotion.
You were not hungry.

You visited 1 branch of the dungeon, and saw 5 of its levels.

You collected 16 gold pieces.

Inventory:

Hand weapons
 a - a +0,+0 hand axe
 c - a +0,+0 battleaxe
 d - a +0,+0 flail (weapon)
 f - a +0,+2 flail
 j - a +2,+2 mace
 m - a +0 blowgun
 n - a +0,+0 dagger
 p - a +0,+0 falchion
Armour
 b - a +0 animal skin (worn)
 e - a +2 cloak (worn)
 q - the +5 chain mail "Stytoy" {Dex+2 Int+1, unknown}
   (You took it off an orc on level 5 of the Dungeon)

   It affects your intelligence (+1).
   It affects your dexterity (+2).
Comestibles
 g - a bread ration
Scrolls
 i - a scroll of teleportation {unknown}
 k - a scroll of enchant armour {unknown}
 l - a scroll of enchant weapon I {unknown}
Jewellery
 r - an uncursed amulet of rage
Potions
 h - a potion of magic
 o - a potion of mutation {unknown}


   Skills:
 + Level 4.8 Fighting
 + Level 2.7 Axes
 + Level 1.1 Maces & Flails
 + Level 4.2 Dodging


You had 3 spell levels left.
You didn't know any spells.

Dungeon Overview and Level Annotations

Branches:
Dungeon (5/15)             Temple (0/1) D:5

Altars:
Ashenzari
Elyvilon
Yredelemnul

Annotations:
D:5 Blork the orc, Dowan, Duvessa, Eustachio


Innate Abilities, Weirdness & Mutations

You are too large for most types of armour.
You have a fast metabolism.
You can tolerate rotten meat.
You have tough skin (AC +1).


Message History

You see here an arrow.
The centaur shoots an arrow.
The arrow hits you!
You see here an arrow.
An orc comes into view. It is wielding a short sword.
The orc shouts!
The centaur shoots an arrow.
The arrow hits you!
The orc moves out of view.
You see here an arrow.
The centaur shoots an arrow.
The arrow misses you.
You see here an arrow.
The centaur shoots an arrow.
The arrow hits you!
The centaur shoots an arrow.
The arrow hits you!
The centaur shoots an arrow.
The arrow hits you!
You see here an arrow.
The centaur shoots an arrow.
The arrow hits you!
* * * LOW HITPOINT WARNING * * *
The centaur shoots an arrow.
The arrow hits you!
You see here 2 arrows.
The centaur shoots an arrow.
The arrow misses you.
The centaur shoots an arrow.
The arrow hits you!
You die...

. ##.# ...s# ..
... _..... .#
..# ....# .#
###.# ....# ...#
..z
#.####z####..#
###..c((.......#
8
#(.(.s(####...%#
8.. #@###### .
8.>. #.#
.8...8##.#
.88888...#
..o#####.# #.#
#.# #.# #.#


You could see a centaur, a giant mite and a goblin skeleton (wandering).

Vanquished Creatures
  A hound (D:4)
  An orc priest (D:5)
  An adder (D:4)
  An adder skeleton (D:5)
  3 giant geckos
  6 orcs
  2 bats
  A giant cockroach (D:4)
  4 goblins
  2 hobgoblins
  3 jackals (D:5)
  A quokka (D:3)
  A giant newt (D:4)
  4 kobolds
  4 rats
35 creatures vanquished.

Notes
Turn   | Place    | Note
--------------------------------------------------------------
     0 | D:1      | MrDeVil909, the Ogre Berserker, began the quest for the Orb.
     0 | D:1      | Reached XP level 1. HP: 24/24 MP: 1/1
   237 | D:3      | Reached XP level 2. HP: 29/32 MP: 2/2
   334 | D:4      | Found a basalt altar of Yredelemnul.
   357 | D:4      | Found a white marble altar of Elyvilon.
   409 | D:4      | Reached XP level 3. HP: 19/40 MP: 3/3
  1045 | D:4      | Reached XP level 4. HP: 49/49 MP: 4/4
  1104 | D:5      | Entered Level 5 of the Dungeon
  1956 | D:5      | Reached skill level 1 in Maces & Flails
  1958 | D:5      | Noticed Eustachio
  1982 | D:5      | Noticed Duvessa
  1987 | D:5      | Noticed Dowan
  3215 | D:5      | Found a staircase to the Ecumenical Temple.
  3216 | D:5      | Noticed Blork the orc
  3228 | D:5      | Got a shimmering chain mail
  3233 | D:5      | Noticed a centaur
  3234 | D:5      | Found a shattered altar of Ashenzari.
  3242 | D:5      | Shot with an arrow by a centaur

Action                   |  1- 3 |  4- 6 || total
-------------------------+-------+-------++-------
Melee: Hand axe          |    58 |       ||    58
       Flail             |    11 |    74 ||    85
Invok: Berserk           |       |     1 ||     1
  Use: Potion            |       |     4 ||     4
